 Dungeon Crawl Stone Soup version 0.23.2-40-g277498a001 (webtiles) character file.

Game seed: 12834251867445186410

115 Nygeryga the Cudgeler (level 4, -2/42 HPs)
             Began as a Minotaur Berserker on Aug 31, 2019.
             Was a Believer of Trog.
             Slain by Grinder (5 damage)
             ... while paralysed by Grinder
             ... on level 3 of the Dungeon.
             The game lasted 00:04:23 (1040 turns).

Nygeryga the Cudgeler (Minotaur Berserker)          Turns: 1040, Time: 00:04:23

Health: -2/42      AC:  0    Str: 22    XL:     4   Next: 68%
Magic:  3/3        EV:  5    Int:  4    God:    Trog [**....]
Gold:   95         SH:  0    Dex: 15    Spells: 3/3 levels left

rFire    . . .     SeeInvis .   (weapon currently unavailable)
rCold    . . .     Gourm    .   (shield currently unavailable)
rNeg     . . .     Faith    .   (armour currently unavailable)
rPois    .         Spirit   .   (helmet currently unavailable)
rElec    .         Reflect  .   (cloak currently unavailable)
rCorr    .         Harm     .   (gloves currently unavailable)
MR       .....                  (boots currently unavailable)
Stlth    +.........             (no amulet)
HPRegen  0.14/turn              (ring currently unavailable)
MPRegen  0.08/turn              (ring currently unavailable)

@: paralysed, bat-form, flying, very quick
A: tiny, (retaliatory headbutt)
a: Berserk, Trog's Hand, Renounce Religion


You were on level 3 of the Dungeon.
You worshipped Trog.
Trog was pleased with you.
You were not hungry.
You were in bat-form.
You visited 1 branch of the dungeon, and saw 3 of its levels.

You collected 95 gold pieces.

Inventory:

Hand Weapons
 a - a +0 mace (melded)
Armour
 b - a +0 animal skin
 i - a +0 ring mail
 n - a +0 scale mail (melded)
Jewellery
 k - an uncursed ring of fire {unknown}
Scrolls
 d - a scroll of remove curse {unknown}
 m - a scroll of fog {unknown}
 p - a scroll of teleportation {unknown}
 q - a scroll of enchant weapon {unknown}
Potions
 e - a potion of might {unknown}
 g - a potion of resistance {unknown}
 h - 3 potions of lignification {unknown}
 j - a potion of mutation {unknown}
 l - 2 potions of degeneration {unknown}
 o - a potion of heal wounds {unknown}
 r - a potion of brilliance {unknown}
Comestibles
 c - 6 rations
 f - 5 chunks of flesh


   Skills:
 * Level 5.2 Fighting
 * Level 5.2 Maces & Flails
 - Level 2.6 Armour
 - Level 2.2 Dodging


You had 3 spell levels left.
You didn't know any spells.
Your spell library was empty.

Dungeon Overview and Level Annotations

Branches:
Dungeon (3/15)

Altars:

Annotations:
D:2 Sigmund
D:3 Grinder


Innate Abilities, Weirdness & Mutations

((You reflexively headbutt those who attack you in melee.))
((You have a pair of horns on your head.))


Message History

You closely miss Grinder. You headbutt Grinder.
Grinder is lightly wounded.
Grinder hits you.
You writhe in agony.
You sock Grinder! Your headbutt misses Grinder.
Grinder is heavily wounded.
Grinder gestures at you.
You suddenly lose the ability to move!
Grinder zaps a wand.
You resist with some effort.
Grinder zaps a wand.
You turn into a bat.
Your +0 mace melds into your body.
Your +0 scale mail melds into your body.
The now-empty wand crumbles to dust.
Grinder says, "FISH!"
Grinder hits you!
You writhe in agony.
Grinder hits you.
You writhe in agony.
Grinder hits you!
* * * LOW HITPOINT WARNING * * *
You writhe in agony.
* * * LOW HITPOINT WARNING * * *
Grinder hits you.
You die...

#.# # #!. .#. ...
##>.. #..### #..
##..#.....#
#.....#.#.# #
#....5..#.# .#
##.#..b###.# .#
............###.#
###......#......#
#.............#
#........>..)#.####+
........##.##.#......
.##..#.###......# #
#........÷....#
...#.####.÷...#


You could see Grinder.

Vanquished Creatures
  Jessica (D:1)
  Terence (D:1)
  A gnoll (D:1)
  2 oozes (D:1)
  3 worms (D:2)
  A dart slug (D:1)
  A leopard gecko (D:2)
  5 bats
  A giant cockroach (D:1)
  7 goblins
  4 hobgoblins (D:1)
  A ball python (D:2)
  A frilled lizard (D:3)
  3 kobolds
  5 rats
37 creatures vanquished.

Notes
Turn   | Place    | Note
-------+----------+-------------------------------------------
     0 | D:1      | Nygeryga the Minotaur Berserker began the quest for the
                  | Orb.
     0 | D:1      | Reached XP level 1. HP: 19/19 MP: 0/0
   141 | D:1      | Reached XP level 2. HP: 27/27 MP: 1/1
   445 | D:1      | Reached XP level 3. HP: 34/34 MP: 2/2
   620 | D:2      | Noticed Jessica
   621 | D:2      | Noticed Terence
   638 | D:1      | Killed Jessica
   638 | D:1      | Reached XP level 4. HP: 41/41 MP: 3/3
   650 | D:1      | Killed Terence
   650 | D:1      | Reached skill level 5 in Fighting
   650 | D:1      | Reached skill level 5 in Maces & Flails
   796 | D:2      | Reached ** piety under Trog
   985 | D:2      | Noticed Sigmund
  1025 | D:3      | Noticed Grinder
  1034 | D:3      | Paralysed by Grinder for 7 turns
  1040 | D:3      | Slain by Grinder

Skill      XL: |  1  2  3  4 |
---------------+-------------+-----
Maces & Flails | 4 5 |  5.2
Fighting       | 4 5 |  5.2
Armour         | |  2.6
Dodging        | |  2.2

Action                   |  1- 3 |  4- 6 || total
-------------------------+-------+-------++-------
Melee: Mace              |    46 |    36 ||    82
       Headbutt          |     5 |     6 ||    11
Invok: Berserk           |     1 |       ||     1
  Eat: Chunk             |       |     1 ||     1
Armor: Animal skin       |     2 |       ||     2
       Ring mail         |     2 |     1 ||     3
       Scale mail        |       |    17 ||    17
Dodge: Dodged            |    31 |    21 ||    52
